 Dungeon Crawl Stone Soup version 0.32-a0-540-g866d13106e (webtiles) character file.

Game seed: 148370135455375654

8352 ragingrage the Cleaver (level 11, 0/92 HPs)
             Began as a Human Hexslinger on Feb 29, 2024.
             Was a High Priest of Okawaru.
             Slain by a troll (8 damage)
             ... on level 11 of the Dungeon.
             The game lasted 00:15:03 (10723 turns).

ragingrage the Cleaver (Human Hexslinger)          Turns: 10723, Time: 00:15:04

Health: 0/92       AC: 19    Str: 18    XL:     11   Next: 29%
Magic:  14/15      EV:  6    Int: 19    God:    Okawaru [*****.]
Gold:   600        SH:  5    Dex: 14    Spells: 10/12 levels left

rFire   . . .        b - +8 frozen axe "Frostbite" {freeze, freezing cloud, *Noise Fly rC+}
rCold   + . .        (shield currently unavailable)
rNeg    . . .        k - +0 plate armour
rPois   .            l - +0 helmet
rElec   .            j - +2 cloak
rCorr   .            o - +1 pair of gloves
SInv    .            v - +0 pair of boots
Will    +....        t - amulet of reflection Stlth
                     w - ring of the Peasants {Str+7 Int+6 Dex-4}
HPRegen 0.35/turn    (no ring)
MPRegen 0.14/turn

%: random rage (3%), reflection
@: about to teleport, flying
A: explore regen, berserk 1, strong-willed 1, robust 1
a: Renounce Religion, Heroism, Finesse, Duel


You were on level 11 of the Dungeon.
You worshipped Okawaru.
Okawaru was extremely pleased with you.
You visited 2 branches of the dungeon, and saw 12 of its levels.

You collected 600 gold pieces.

Inventory:

Hand Weapons
 a - a +1 sling
 b - the +8 frozen axe "Frostbite" (weapon) {freeze, freezing cloud, *Noise Fly rC+}
   (You took it off a hobgoblin on level 2 of the Dungeon)

   rC+:       It protects you from cold.
   Fly:       It grants you flight.
   *Noise:    It may make a loud noise when swung.
 p - a +2 dagger of venom
Missiles
 s - 36 poisoned darts (quivered)
 C - 5 throwing nets
Armour
 f - a +2 robe of cold resistance
 j - a +2 cloak (worn)
 k - a +0 plate armour (worn)
 l - a +0 helmet (worn)
 o - a +1 pair of gloves (worn)
 v - a +0 pair of boots (worn)
 L - the +1 leather armour of Xueng {rPois Will- rCorr Str+5}
   (You found it on level 9 of the Dungeon)

   Str+5:     It affects your strength (+5).
   rPois:     It protects you from poison Will-: It decreases your willpower.
   rCorr:     It protects you from acid and corrosion.
 P - +0 acid dragon scales
Jewellery
 t - an amulet of reflection (around neck)
 w - the ring of the Peasants (left hand) {Str+7 Int+6 Dex-4}
   (You found it on level 5 of the Dungeon)

   [ring of intelligence]

   Str+7:     It affects your strength (+7).
   Int+6:     It affects your intelligence (+6).
   Dex-4:     It affects your dexterity (-4).
Wands
 c - a wand of digging (5)
 g - a wand of polymorph (3)
 B - a wand of mindburst (16)
 I - a wand of iceblast (8)
 Q - a wand of flame (7)
Scrolls
 d - 2 scrolls of poison
 e - a scroll of butterflies {unknown}
 h - 8 scrolls of teleportation
 i - 2 scrolls of immolation {unknown}
 m - 2 scrolls of amnesia {unknown}
 r - 2 scrolls of vulnerability
 u - 2 scrolls of blinking
 y - 3 scrolls of revelation {unknown}
 F - a scroll of torment {unknown}
 G - 2 scrolls of fear {unknown}
 H - a scroll of fog {unknown}
 O - a scroll of enchant weapon {unknown}
Potions
 n - 6 potions of curing
 q - 2 potions of attraction
 x - a potion of invisibility {unknown}
 z - a potion of haste {unknown}
 A - 3 potions of heal wounds {unknown}
 D - a potion of ambrosia {unknown}
 E - 2 potions of might {unknown}
 J - 4 potions of enlightenment {unknown}
 K - a potion of mutation
 M - 2 potions of berserk rage {unknown}
 N - a potion of brilliance


   Skills:
 + Level 7.3 Fighting
 - Level 1.9 Short Blades
 * Level 13.4 Axes
 - Level 2.1 Ranged Weapons
 + Level 3.9 Armour
 - Level 2.0 Dodging
 - Level 2.0 Stealth
 - Level 1.0 Spellcasting
 - Level 3.8 Hexes
 - Level 1.0 Fire Magic
 + Level 5.3 Invocations


You had 10 spell levels left.
You knew the following spells:

 Your Spells              Type           Power      Damage    Failure   Level
a - Jinxbite              Hex            30%        N/A       92%         2

Your spell library contained the following spells:

 Spells                   Type           Power      Damage    Failure   Level
 Sigil of Binding         Hex            15%        N/A       99%         3
 Static Discharge         Conj/Air       0%         3-3/arc   100%        2
 Sublimation of Blood     Necr           0%         N/A       100%        2
 Inner Flame              Hex/Fire       10%        N/A       100%        3
 Vampiric Draining        Necr           0%         2d6       100%        3
 Airstrike                Air            0%         2d(0-16)  100%        4
 Cause Fear               Hex            7%         N/A       100%        4
 Dimensional Bullseye     Hex/Tloc       4%         N/A       100%        4
 Ignite Poison            Fire/Alch      2%         N/A       100%        4
 Sticky Flame             Fire/Alch      2%         2d4       100%        4
 Vhi's Electric Charge    Tloc/Air       0%         N/A       100%        4
 Arcjolt                  Conj/Air       0%         1d10      100%        5
 Conjure Ball Lightning   Conj/Air       0%         3x3d6     100%        6
 Discord                  Hex            7%         N/A       100%        8
 Disjunction              Tloc           0%         N/A       100%        8
 Ignition                 Fire           2%         3d3       100%        8
 Maxwell's Capacitive Co  Air            0%         ∞         100%        8
 Summon Lightning Spire   Summ/Air       Unusable   N/A       N/A         4
 Infestation              Necr           Unusable   N/A       N/A         8

Dungeon Overview and Level Annotations

Branches:
Dungeon (11/15)            Temple (1/1) D:4            Lair (0/5) D:11
    Orc (0/2) D:11

Altars:
Ashenzari
Cheibriados
Dithmenos
Elyvilon
Fedhas
Gozag
Hepliaklqana
Kikubaaqudgha
Makhleb
Nemelex Xobeh
Okawaru
Qazlal
Ru
Sif Muna
Trog
Uskayaw
Vehumet
Wu Jian
Xom
Yredelemnul
Zin
The Shining One

Annotations:
D:4 exclusion: downstairs
D:7 2 transporters, DiddlyDoom's ghost, novice GrBe
D:9 3 runed translucent doors, jasper's ghost, novice OnSh; javelincjr's ghost, novice MDWr; pokeman's ghost, novice DEHW
D:10 Gastronok


Innate Abilities, Weirdness & Mutations

You regain HP and MP as you explore.
You sometimes lose your temper in combat.
You are strong-willed. (Will+)
You are robust. (+10% HP)


Message History

The vampire is engulfed in freezing vapours.
You block the vampire's attack. The vampire closely misses you.
The bullfrog completely misses you.
You hit the vampire. You miss something. You slice the bullfrog!!
The bullfrog seems to slow down.
You freeze the bullfrog!
You kill the bullfrog!
Okawaru accepts your kill.
The vampire hits you but does no damage.
The vampire bites you!
The vampire draws strength from your injuries!
Something hits you but does no damage. Something bites you.
Something draws strength from your injuries!
You are too injured to fight recklessly!
You are too injured to fight recklessly!
You are too injured to fight recklessly!
Unknown command.
You miss something. You slash the vampire! You freeze the vampire.
The vampire is engulfed in freezing vapours.
The vampire hits you. The vampire bites you.
The vampire draws strength from your injuries!
Something hits you but does no damage. You block something's attack.
Okay, then.
As you read the scroll of teleportation, it crumbles to dust.
You feel strangely unstable.
A nearby plant withers and dies.
The vampire is engulfed in freezing vapours.
The vampire draws life force from you!!
* * * LOW HITPOINT WARNING * * *
The vampire is healed by the life force!
Something hits you.
* * * LOW HITPOINT WARNING * * *
Something bites you.
* * * LOW HITPOINT WARNING * * *
Something draws strength from your injuries!
The troll bites you.
* * * LOW HITPOINT WARNING * * *
The troll claws you.
* * * LOW HITPOINT WARNING * * *
The troll claws you!
You die...

#..#........##
######.
#...........#
.......
##..####....#
###....P.. ##..##
###.†###.......PP
#....##
##††..PP.P.PP..
......#
#......PP.P.PP
......#
##....PPPPP..P
.....##
##.P.......PP.
######
#....V@T.PP.PP #
#...P.{...PP.P
##P..PP..P.P.. ##


#PPPPPh..>P.. .# #P.P.......P. ## #P...P...P... ##### #..PP.P....P. ....##
#...PP......P ....... You could see a troll, a vampire and a black bear.

Vanquished Creatures
  2 two-headed ogres
  A smoke demon (D:10)
  Jeremiah (D:9)
  Prince Ribbit (D:5)
  Grinder (D:5)
  A wyvern (D:10)
  9 yaks
  Menkaure (D:5)
  A steam dragon (D:10)
  2 acid dragons
  2 water moccasins
  3 black bears
  2 sky beasts (D:6)
  6 orc warriors
  An ogre (D:5)
  2 centaurs
  A phantom (D:6)
  Blork the orc (D:4)
  3 kobold brigands
  4 bullfrogs
  A gnoll sergeant (D:10)
  3 scorpions
  13 wights
  4 killer bees (D:9)
  A centaur zombie (D:8)
  2 hounds
  2 bombardier beetles
  5 orc priests
  2 jellies
  3 gnoll boudas
  A sleepcap (D:6)
  Ijyb (D:5)
  An iguana (D:5)
  11 orc wizards
  A killer bee zombie (D:8)
  2 ogre zombies (D:8)
  A mummy (D:8)
  14 gnolls
  4 adders
  A white imp (D:6)
  2 ufetubi (D:6)
  4 dart slugs
  2 ribbon worms
  32 orcs
  5 ball pythons
  7 endoplasms
  4 giant cockroaches
  10 goblins
  4 hobgoblins
  3 jackals (D:4)
  7 quokkas
  5 bats
  2 frilled lizards
  27 kobolds
  10 rats
242 creatures vanquished.

Notes
Turn   | Place    | Note
-------+----------+-------------------------------------------
     0 | D:1      | ragingrage the Human Hexslinger began the quest for the
                  | Orb.
     0 | D:1      | Reached XP level 1. HP: 15/15 MP: 2/2
    59 | D:1      | Reached skill level 1 in Stealth
   189 | D:1      | Reached XP level 2. HP: 21/21 MP: 3/3
   195 | D:1      | Learned a level 2 spell: Jinxbite
   725 | D:1      | Reached XP level 3. HP: 26/26 MP: 4/4
   996 | D:2      | Reached skill level 1 in Short Blades
  1394 | D:2      | Reached XP level 4. HP: 23/32 MP: 0/5
  2086 | D:3      | Reached skill level 1 in Axes
  2299 | D:3      | Found a faded altar of an unknown god.
  2466 | D:3      | Reached skill level 2 in Axes
  2466 | D:3      | Reached XP level 5. HP: 28/37 MP: 6/6
  2842 | D:4      | Reached skill level 3 in Axes
  2877 | D:4      | Found a staircase to the Ecumenical Temple.
  2883 | Temple   | Entered the Ecumenical Temple
  2899 | Temple   | Became a worshipper of Warmaster Okawaru
  3005 | D:4      | Noticed Blork the orc
  3222 | D:4      | Noticed a black bear
  3372 | D:4      | Reached skill level 4 in Axes
  3372 | D:4      | Reached XP level 6. HP: 43/43 MP: 7/7
  3382 | D:4      | Killed a black bear
  3382 | D:4      | Reached * piety under Okawaru
  3383 | D:4      | Reached skill level 5 in Axes
  3448 | D:4      | Killed Blork the orc
  3660 | D:4      | Reached XP level 7. HP: 48/48 MP: 8/8
  3855 | D:5      | Entered Level 5 of the Dungeon
  3855 | D:5      | Noticed Ijyb
  3856 | D:5      | Noticed Prince Ribbit
  3858 | D:5      | Killed Ijyb
  3911 | D:5      | Gained mutation: You are strong-willed. (Will+) [potion of
                  | mutation]
  3911 | D:5      | Gained mutation: You are robust. (+10% HP) [potion of
                  | mutation]
  3911 | D:5      | Gained mutation: You sometimes lose your temper in combat.
                  | [potion of mutation]
  3916 | D:5      | Noticed Menkaure
  4045 | D:5      | Reached skill level 6 in Axes
  4053 | D:5      | Killed Prince Ribbit
  4053 | D:5      | Reached ** piety under Okawaru
  4054 | D:5      | Reached skill level 7 in Axes
  4063 | D:5      | Reached XP level 8. HP: 15/59 MP: 9/9
  4227 | D:5      | Noticed Grinder
  4643 | D:5      | Identified the ring of the Peasants {Str+7 Int+6 Dex-4}
  4695 | D:5      | Got Lohu's Volume of Skeletons
  4718 | D:5      | Reached skill level 8 in Axes
  5205 | D:5      | Killed Grinder
  5205 | D:5      | Reached *** piety under Okawaru
  5206 | D:5      | Reached skill level 9 in Axes
  5213 | D:5      | Killed Menkaure
  5214 | D:5      | Reached XP level 9. HP: 66/71 MP: 10/10
  5396 | D:6      | Found a basalt altar of Yredelemnul.
  5399 | D:6      | Reached skill level 10 in Axes
  5399 | D:6      | Found an ancient bone altar of Kikubaaqudgha.
  5399 | D:6      | Found a stormy altar of Qazlal.
  5412 | D:6      | Found a sparkling altar of Nemelex Xobeh.
  5413 | D:6      | Found a hide-covered altar of Uskayaw.
  6215 | D:7      | Reached skill level 1 in Invocations
  6223 | D:7      | Reached **** piety under Okawaru
  6389 | D:7      | Found a transporter.
  6393 | D:7      | Noticed a moth of wrath
  6394 | D:7      | Noticed DiddlyDoom's ghost (novice GrBe)
  6396 | D:7      | Found a bloodstained altar of Trog.
  6403 | D:7      | Found a transporter.
  6522 | D:7      | Found a broken altar of Ashenzari.
  6530 | D:7      | Reached skill level 11 in Axes
  6729 | D:7      | Reached skill level 5 in Fighting
  6806 | D:8      | Found a shadowy altar of Dithmenos.
  7308 | D:8      | Noticed a two-headed ogre
  7311 | D:8      | Killed a two-headed ogre
  7312 | D:8      | Reached XP level 10. HP: 57/83 MP: 12/12
  7568 | D:8      | Reached skill level 12 in Axes
  7695 | D:8      | Found a glowing golden altar of the Shining One.
  7696 | D:8      | Found a glowing silver altar of Zin.
  7697 | D:8      | Found a hazy altar of Hepliaklqana.
  7698 | D:8      | Found a shimmering blue altar of Sif Muna.
  7778 | D:9      | Reached ***** piety under Okawaru
  8095 | D:9      | Identified the +1 leather armour of Xueng {rPois Will-
                  | rCorr Str+5}
  8503 | D:9      | Reached skill level 1 in Armour
  8615 | D:9      | Noticed Jeremiah
  8647 | D:9      | Received a gift from Okawaru
  8802 | D:10     | Entered Level 10 of the Dungeon
  8978 | D:10     | Noticed a smoke demon
  8979 | D:10     | Found a burning altar of Makhleb.
  9177 | D:9      | Found a runed translucent gate.
  9177 | D:9      | Found a runed translucent gate.
  9177 | D:9      | Found a runed translucent gate.
  9200 | D:9      | Noticed jasper's ghost (novice OnSh)
  9202 | D:9      | Noticed pokeman's ghost (novice DEHW)
  9490 | D:9      | Killed Jeremiah
  9598 | D:9      | Noticed javelincjr's ghost (novice MDWr)
  9708 | D:10     | Reached skill level 13 in Axes
 10106 | D:10     | Killed a smoke demon
 10107 | D:10     | Reached XP level 11. HP: 91/91 MP: 14/14
 10220 | D:10     | Noticed a two-headed ogre
 10227 | D:10     | Killed a two-headed ogre
 10228 | D:10     | Reached skill level 5 in Invocations
 10425 | D:10     | Noticed Gastronok
 10591 | D:11     | Found a staircase to the Orcish Mines.
 10713 | D:11     | Found a staircase to the Lair.
 10723 | D:11     | Slain by a troll

Illustrated notes

Levels and vault maps discovered:
D:1:      minmay_arrival_three_doors, layout_loops_ring
D:2:      layout_basic
D:3:      layout_rooms, shapermc_ecumenical_altar_mp_vishouse,
          kennysheep_generic_room_14, uniq_crazy_yiuf_cottage
D:4:      layout_rooms, minmay_temple_entry_fiery, uniq_blork_the_orc
D:5:      layout_rooms, uniq_menkaure, uniq_prince_ribbit1, uniq_grinder,
          uniq_ijyb
D:6:      layout_loops_ring, grunt_temple_overflow_open, minmay_fountain_box,
          hex_large, minmay_misc_feat_ornament, hangedman_abyss_or_decor_passed
D:7:      layout_basic, mainiacjoe_overflow_small_starburst,
          gammafunk_ghost_wrathful_warriors, dreamdust_gnoll_shepherd
D:8:      layout_loops_ring, mainiacjoe_overflow_alcove_3,
          nicolae_dithmenos_shadow_blocks, minmay_mini_ossuary
D:9:      layout_gridville, gammafunk_ghost_cemetery, uniq_jeremiah
D:10:     layout_irregular_city, demons_altar, uniq_gastronok
D:11:     layout_layer_cave, due_lair_maze_entry_diamond, erik_orc_4
Temple:   compressed_dpeg_circular_temple

Skill      XL: |  1  2  3  4  5  6  7  8  9 10 11 |
---------------+----------------------------------+-----
Stealth        | 1 2 |  2.0
Short Blades   | 1 |  1.9
Axes           | 2 4 5 7 9 11 13 | 13.4
Fighting       | 4 5 6 7 |  7.3
Invocations    | 3 4 5 |  5.3
Armour         | 3 |  3.9
Ranged Weapons | |  2.1
Dodging        | |  2.0
Spellcasting   | |  1.0
Hexes          | |  3.8
Fire Magic     | |  1.0

Action                     |  1- 3 |  4- 6 |  7- 9 | 10-12 || total
---------------------------+-------+-------+-------+-------++-------
  Melee: Dagger            |    12 |     5 |       |       ||    17
         Executioner's axe |       |    79 |   125 |   143 ||   347
         Unarmed           |       |       |     1 |       ||     1
   Fire: Sling             |    82 |    32 |       |       ||   114
  Throw: Dart              |       |       |     4 |     5 ||     9
   Cast: Jinxbite          |    12 |     5 |       |       ||    17
  Evoke: Wand              |       |       |     1 |       ||     1
    Use: Scroll            |     1 |     3 |     8 |     1 ||    13
         Potion            |       |       |     2 |       ||     2
   Stab: Sleeping          |       |     3 |     2 |       ||     5
         Distracted        |       |     1 |       |       ||     1
 Armour: Robe              |    25 |    64 |    43 |       ||   132
         Plate armour      |       |       |    87 |   184 ||   271
  Dodge: Dodged            |    18 |    63 |    44 |    45 ||   170
  Block: Other             |       |     7 |    36 |    44 ||    87
         Reflection        |       |       |     6 |     3 ||     9

Table legend: (Time is in decaauts)
 A = Elapsed time spent in this place.
 B = Non-inter-level travel time spent in this place.
 C = Inter-level travel time spent in this place.
 D = Time resting spent in this place.
 E = Time spent auto-exploring this place.
 F = Levels seen in this place.
 G = Mean time per level.
                   A        B        C        D        E       F      G
               +--------+--------+--------+--------+--------+-----+--------+
         Total |  10972 |  10488 |    484 |   2398 |   6171 |  12 |  914.3 |
       Dungeon |  10944 |  10481 |    463 |   2398 |   6171 |  11 |  994.9 |
        Temple |     27 |      6 |     21 |      0 |      0 |   1 |   27.0 |
               +--------+--------+--------+--------+--------+-----+--------+

Top non-repeatable levels by time:
     D:4: 1822 daAuts
     D:9: 1560 daAuts
     D:8: 1131 daAuts
     D:1: 1051 daAuts
    D:10: 1032 daAuts
     D:2: 1015 daAuts
     D:6: 891 daAuts
     D:7: 767 daAuts
     D:3: 752 daAuts
     D:5: 606 daAuts
    D:11: 312 daAuts
  Temple: 27 daAuts
